 Dungeon Crawl Stone Soup version 0.19-a0-1855-gb7442ac (webtiles) character file.

338 Ijustatesigmund the Ducker (level 6, -1/43 HPs)
             Began as a Halfling Berserker on Oct 11, 2016.
             Was a Believer of Trog.
             Slain by removeelyvilon's ghost (6 damage)
             ... on level 3 of the Dungeon.
             The game lasted 00:07:31 (3418 turns).

Ijustatesigmund the Ducker (Halfling Berserker)     Turns: 3418, Time: 00:07:31

Health: -1/43      AC:  9    Str: 18    XL:     6   Next: 86%
Magic:  6/6        EV: 15    Int:  5    God:    Trog [**....]
Gold:   130        SH:  0    Dex: 16    Spells: 0 memorised, 5 levels left

rFire  . . .     SeeInvis .     a - +0 short sword
rCold  . . .     Gourm    .     l - +0 scale mail
rNeg   . . .     Faith    .     (shield restricted)
rPois  .         Spirit   .     e - +2 helmet
rElec  .         Dismiss  .     (no cloak)
rCorr  .         Reflect  .     (no gloves)
MR     .....     Harm     .     (no boots)
Stlth  ..........               (no amulet)
                                (no ring)
                                (no ring)

@: no status effects
A: mutation resistance 1
a: Berserk, Trog's Hand, Burn Spellbooks, Renounce Religion


You were on level 3 of the Dungeon.
You worshipped Trog.
Trog was pleased with you.
You were near starving.

You visited 1 branch of the dungeon, and saw 4 of its levels.

You collected 130 gold pieces.

Inventory:

Hand Weapons
 a - a +0 short sword (weapon)
Armour
 e - a +2 helmet (worn)
 l - a +0 scale mail (worn)
Jewellery
 d - an uncursed ring of ice
 j - an uncursed ring of protection from cold {unknown}
Wands
 h - a wand of paralysis (5/24)
Scrolls
 c - 2 scrolls of amnesia
 k - 2 scrolls of enchant armour
Potions
 b - a potion of cancellation
 g - a potion of brilliance
 i - a potion of ambrosia
Comestibles
 f - a meat ration


   Skills:
 - Level 4.0 Fighting
 - Level 5.0 Short Blades
 - Level 2.1 Armour
 + Level 5.5 Dodging


You had 5 spell levels left.
You didn't know any spells.

Dungeon Overview and Level Annotations

Branches:
Dungeon (4/15)
 Temple: D:4-7

Altars:
Beogh

Annotations:
D:3 removeelyvilon's ghost, amateur TrWr


Innate Abilities, Weirdness & Mutations

You are small and have problems with some larger weapons.
You are somewhat resistant to further mutation.


Message History

You are too injured to fight recklessly!
You are too injured to fight recklessly!
You are too injured to fight recklessly!
You barely miss removeelyvilon's ghost.
Removeelyvilon's ghost is almost destroyed.
Removeelyvilon's ghost hits you.
* * * LOW HITPOINT WARNING * * *
You closely miss removeelyvilon's ghost.
Removeelyvilon's ghost is almost destroyed.
Removeelyvilon's ghost hits you but does no damage.
You hit removeelyvilon's ghost.
Removeelyvilon's ghost is almost destroyed.
Removeelyvilon's ghost hits you.
* * * LOW HITPOINT WARNING * * *
You hit removeelyvilon's ghost.
Removeelyvilon's ghost's shroud falls apart!
Removeelyvilon's ghost is almost destroyed.
Removeelyvilon's ghost wails, "You will never get the ORB!"
Removeelyvilon's ghost hits you.
You die...

#..........
####.......
##############.......
#......(...........$.
#........(.....######
#......(.......#
#..............#
#........%.....#
#...@..........######
#..W...........##....
#..............##....
#..............##....
#################....
#.... #.... #....
#....


You could see removeelyvilon's ghost.

Vanquished Creatures
  Grinder (D:3)
  Robin (D:2)
  5 adders
  A worm (D:2)
  2 dart slugs
  A leopard gecko (D:1)
  5 giant cockroaches
  14 goblins
  9 hobgoblins
  11 jackals
  2 quokkas
  2 ball pythons
  7 bats
  4 frilled lizards
  5 kobolds
  6 rats
76 creatures vanquished.

Notes
Turn   | Place    | Note
-------+----------+-------------------------------------------
     0 | D:1      | Ijustatesigmund the Halfling Berserker began the quest for the Orb.
     0 | D:1      | Reached XP level 1. HP: 15/15 MP: 1/1
   132 | D:1      | Found a roughly hewn altar of Beogh.
   132 | D:1      | Noticed an orc warrior
   370 | D:1      | Reached XP level 2. HP: 18/20 MP: 2/2
   566 | D:1      | Reached XP level 3. HP: 18/26 MP: 3/3
   652 | D:1      | Reached ** piety under Trog
   927 | D:2      | Noticed Robin
  1539 | D:2      | Reached XP level 4. HP: 18/32 MP: 4/4
  1542 | D:2      | Killed Robin
  2162 | D:2      | Reached skill level 5 in Short Blades
  2183 | D:2      | Reached XP level 5. HP: 33/37 MP: 5/5
  2510 | D:2      | Reached *** piety under Trog
  2873 | D:3      | Noticed Grinder
  2873 | D:3      | Paralysed by Grinder for 2 turns
  3120 | D:3      | Killed Grinder
  3120 | D:3      | Reached skill level 5 in Dodging
  3120 | D:3      | Reached XP level 6. HP: 22/43 MP: 6/6
  3331 | D:3      | Noticed removeelyvilon's ghost (amateur TrWr)
  3418 | D:3      | Slain by removeelyvilon's ghost

Vault maps used:
D:1:      erik_arrival_cave_to_civilisation
D:2:      uniq_robin
D:3:      first_bread, uniq_grinder
D:4:      serial_shops, kennysheep_little_box, uniq_crazy_yiuf_cottage,
          uniq_menkaure, uniq_pikel

Skill      XL: |  1  2  3  4  5 |
---------------+----------------+-----
Short Blades   | 4 5 |  5.0
Fighting       | 3 4 |  4.0
Dodging        | 5 |  5.5
Armour         | |  2.1

Action                   |  1- 3 |  4- 6 || total
-------------------------+-------+-------++-------
Melee: Short sword       |   145 |   263 ||   408
Invok: Berserk           |     2 |     3 ||     5
       Trog's Hand       |       |     3 ||     3
  Use: Scroll            |     3 |     4 ||     7
       Potion            |       |     1 ||     1
 Stab: Sleeping          |     1 |       ||     1
  Eat: Bread ration      |     1 |       ||     1
       Meat ration       |       |     1 ||     1
       Beef jerky        |       |     1 ||     1
       Chunk             |       |     1 ||     1
Armor: Animal skin       |    24 |    42 ||    66
       Scale mail        |       |    27 ||    27
Dodge: Dodged            |   128 |   224 ||   352
